 Dungeon Crawl Stone Soup version 0.22-a0-469-gf26638a (webtiles) character file.

367 Amnesiac the Prestidigitator (level 6, -3/29 HPs)
             Began as a Spriggan Artificer on June 13, 2018.
             Slain by an ogre
             ... wielding a +0 giant club
              (22 damage)
             ... on level 6 of the Dungeon.
             The game lasted 00:09:41 (1953 turns).

Amnesiac the Prestidigitator (Spriggan Artificer)   Turns: 1953, Time: 00:09:42

Health: -3/29      AC:  2    Str: 10    XL:     6   Next: 41%
Magic:  14/14      EV: 18    Int: 12    God:
Gold:   127        SH:  0    Dex: 17    Spells: 5/5 levels left

rFire    . . .     SeeInvis +   a - +1 short sword
rCold    . . .     Gourm    .   (shield restricted)
rNeg     . . .     Faith    .   b - +0 robe
rPois    .         Spirit   .   (helmet restricted)
rElec    .         Reflect  .   (no cloak)
rCorr    .         Harm     .   (gloves unavailable)
MR       +....     Rnd*Tele +   (boots unavailable)
Stlth    ++........             (no amulet)
HPRegen  0.09/turn              r - ring of teleportation (curse)
MPRegen  0.14/turn              (no ring)

@: very quick
A: very small, unfitting armour, see invisible, herbivore, speed 3, slow
metabolism 2
a: no special abilities


You were on level 6 of the Dungeon.
You were not hungry.

You visited 1 branch of the dungeon, and saw 7 of its levels.

You collected 127 gold pieces.

Inventory:

Hand Weapons
 a - a +1 short sword (weapon)
Missiles
 g - 120 stones (quivered)
 n - 33 sling bullets
Armour
 b - a +0 robe (worn)
 p - a +0 buckler
Jewellery
 r - a cursed ring of teleportation (left hand)
Wands
 c - a wand of flame (7)
 d - a wand of enslavement (9)
 e - a wand of acid (15)
 l - a wand of polymorph (10)
Scrolls
 h - a scroll of identify {!r}
 i - a scroll of enchant armour {!r}
 j - 3 scrolls of teleportation {!r}
 k - a scroll of fear {!r}
 m - a scroll of fog {!r}
 q - a scroll of immolation {!r, unknown}
 s - 2 scrolls of amnesia {!r, unknown}
Potions
 o - a potion of cancellation {!q}
 t - a potion of haste {!q, unknown}
 u - a potion of brilliance {!q, unknown}
Comestibles
 f - 5 rations


   Skills:
 - Level 0.7 Fighting
 - Level 1.1 Short Blades
 - Level 3.0 Dodging
 - Level 1.5 Stealth
 + Level 9.6 Evocations


You had 5 spell levels left.
You didn't know any spells.
Your spell library contained the following spells:

 Spells                   Type           Power        Failure   Level  Hunger
 Summon Small Mammal      Summ           #...         32%         1    ##.....
 Summon Ice Beast         Ice/Summ       #.......     97%         4    #####..
 Call Imp                 Summ           #.......     45%         2    ###....
 Call Canine Familiar     Summ           #.......     69%         3    ####...
 Summon Lightning Spire   Summ/Air       #.......     97%         4    #####..
 Summon Guardian Golem    Hex/Summ       #.......     69%         3    ####...


Dungeon Overview and Level Annotations

Branches:
Dungeon (7/15)
 Temple: D:4-7

Altars:
Cheibriados
Dithmenos
Makhleb
Nemelex Xobeh
Xom

Annotations:
D:4 Blork the orc
D:5 Edmund


Innate Abilities, Weirdness & Mutations

You are very small and have problems with some larger weapons.
You are too small for most types of armour.
You have supernaturally acute eyesight. (SInv)
You are a herbivore.
You cover ground extremely quickly.
You need to consume almost no food.


Message History

The orc warrior returns to its original shape as it dies.
Your Evocations skill increases to level 9!
You have reached level 6!
Your experience leads to an increase in your attributes!
Increase (S)trength, (I)ntelligence, or (D)exterity?
You feel stronger.
The shadow imp shouts!
The shadow imp misses you.
You closely miss the shadow imp. The shadow imp misses you.
You hit the shadow imp.
The shadow imp is heavily wounded.
The shadow imp closely misses you.
You hit the shadow imp.
The shadow imp is severely wounded.
The shadow imp misses you.
You hit the shadow imp but do no damage.
The shadow imp is severely wounded.
The shadow imp closely misses you.
You closely miss the shadow imp.
The shadow imp is severely wounded.
The shadow imp gestures at you. You resist with significant effort.
The ogre shouts!
You hit the shadow imp but do no damage.
The shadow imp is severely wounded.
The shadow imp barely misses you.
The orc warrior shouts!
You hit the shadow imp.
The shadow imp is severely wounded.
The shadow imp closely misses you.
You hit the shadow imp.
You kill the shadow imp!
The jackal barks!
You hear a shout!
You hear a bark!
The jackal bites you. The orc wizard casts a spell at you.
The magic dart hits you! The jackal bites you. The jackal misses you.
An orc comes into view. It is wielding a dagger.
The orc shouts!
You hear a shout!
An orc comes into view. It is wielding a flail.
The orc moves out of view.
Evoke which item? (* to show all) (? for menu, Esc to quit)
Aiming: Corrosive Bolt
Press: ? - help, Shift-Dir - straight line, f - orc wizard
Aim: an orc wizard, wielding a dagger and wearing a robe (hasn't noticed you)
The bolt of acid hits the orc priest.
The orc priest is splashed with acid.
The acid corrodes the orc priest!
You kill the orc priest!
You hit the jackal.
The jackal is moderately wounded.
The jackal misses you. The jackal barely misses you.
The jackal bites you but does no damage.
The orc wizard gestures at you while chanting.
You resist with almost no effort.
You hit the jackal.
The jackal is almost dead.
The jackal closely misses you. x2
The jackal completely misses you. The jackal closely misses you.
The orc wizard completely misses you. The ogre hits you with a giant club!!
Ouch! That really hurt!
You die...

#S..##. ##......##.##....# #.#.#
# #...._...#.#...... #.#.##.#
#........#.#...... #......#
#..........#......
####.#########.o.######.#......
#[....).##....o......##.#.#...#
....#...#.o...o.o.......O.#......
##...##...o#o.hhO......#######.##
#... ##.5.#####@..##### #...
#...###...### #...# #.##
##.#...#..#.# #...# #.##
#.........#.##...# #...
.........###.##.#### #.#.
#######.## ##......# #.#.
##.###..####.# #.#.
#....#.####.##### #.##
#...............# #...


You could see an orc warrior, an ogre, an orc wizard, 4 orcs and 2 jackals.

Vanquished Creatures
  A porcupine (D:6)
  An ogre (D:4)
  A killer bee (D:4)
  2 orc priests
  An orc wizard (D:4)
  A worker ant (D:4)
  A shadow imp (D:6)
  A leopard gecko (D:6)
  2 orcs (D:4)
  A ball python (D:2)
  2 bats
  2 giant cockroaches
  A hobgoblin (D:3)
  A frilled lizard (D:1)
  A leopard gecko zombie (D:7)
  A rat (D:3)
20 creatures vanquished.

Vanquished Creatures (collateral kills)
  A quokka (D:4)
1 creature vanquished.

Vanquished Creatures (others)
  An ogre (D:4)
  A worker ant (D:5)
  A ball python (D:4)
3 creatures vanquished.

Grand Total: 24 creatures vanquished

Notes
Turn   | Place    | Note
-------+----------+-------------------------------------------
     0 | D:1      | Amnesiac the Spriggan Artificer began the quest for the Orb.
     0 | D:1      | Reached XP level 1. HP: 9/9 MP: 4/4
   270 | D:3      | Noticed a centaur
   370 | D:4      | Noticed an ogre
   375 | D:4      | Killed an ogre
   375 | D:4      | Reached skill level 6 in Evocations
   375 | D:4      | Reached XP level 2. HP: 14/14 MP: 5/7
   375 | D:4      | Reached XP level 3. HP: 17/17 MP: 5/8
   375 | D:4      | Reached XP level 4. HP: 21/21 MP: 6/10
   417 | D:4      | Reached skill level 7 in Evocations
   424 | D:4      | Reached XP level 5. HP: 25/25 MP: 11/11
   436 | D:4      | Reached skill level 8 in Evocations
   443 | D:4      | Noticed Blork the orc
   483 | D:3      | You fall through a shaft!
   505 | D:4      | Noticed an ogre
   814 | D:4      | Found a shimmering altar of Xom.
   978 | D:5      | Entered Level 5 of the Dungeon
  1148 | D:5      | Noticed Edmund
  1172 | D:5      | Noticed an ogre
  1246 | D:5      | Found a shimmering altar of Xom.
  1281 | D:5      | Found a sparkling altar of Nemelex Xobeh.
  1467 | D:6      | Found a snail-covered altar of Cheibriados.
  1489 | D:6      | Noticed an ogre
  1535 | D:6      | Noticed an orc warrior
  1565 | D:6      | Found a burning altar of Makhleb.
  1610 | D:6      | Noticed an orc warrior
  1653 | D:7      | Found a shadowy altar of Dithmenos.
  1873 | D:6      | Noticed a porcupine
  1873 | D:6      | an orc warrior changed into a porcupine
  1884 | D:6      | Killed a porcupine
  1884 | D:6      | Reached skill level 9 in Evocations
  1884 | D:6      | Reached XP level 6. HP: 29/29 MP: 12/14
  1953 | D:6      | Slain by an ogre

Vault maps used:
D:1:      dpeg_arrival_windows_large_door
D:2:      gammafunk_temple_overflow_elements, grunt_decor_cap
D:3:      minivault_19, hangedman_decor_points
D:4:      old_standard_altar, uniq_blork_the_orc
D:5:      basic_altar, first_ration, xom_teletrap_fun, uniq_edmund
D:6:      hangedman_ru_absence, lemuel_crystal_altar,
          minmay_temple_entry_poolview, basic_altar, bh_walls_and_bars
D:7:      grunt_dithmenos_smoke, lemuel_coloured_pillars_altar,
          overflow_temple_1_default, grunt_livestock

Skill      XL: |  1  2  3  4  5 |
---------------+----------------+-----
Evocations     | 6 7 9 |  9.6
Fighting       | |  0.7
Short Blades   | |  1.1
Dodging        | |  3.0
Stealth        | |  1.5

Action                   |  1- 3 |  4- 6 || total
-------------------------+-------+-------++-------
Melee: Short sword       |     8 |    37 ||    45
Evoke: Wand              |     4 |    32 ||    36
  Use: Scroll            |       |     7 ||     7
 Stab: Sleeping          |     2 |     1 ||     3
Armor: Robe              |     5 |     3 ||     8
Dodge: Dodged            |    34 |    54 ||    88

Table legend:
 A = Spawn XP
 B = Non-spawn XP
 C = Spawn XP percentage of total XP
 D = Spawn monster count
 E = Non-spawn monster count
 F = Spawn count percentage of total count
 G = Total turns spent on level
                    A         B        C        D         E        F      G
               +---------+---------+-------+---------+---------+-------+---------
         Total |       0 |     525 |   0.0 |       0 |      21 |   0.0 |  1953
               +---------+---------+-------+---------+---------+-------+---------
           D:1 |       0 |       1 |   0.0 |       0 |       1 |   0.0 |    99
           D:2 |       0 |       4 |   0.0 |       0 |       2 |   0.0 |    88
           D:3 |       0 |       5 |   0.0 |       0 |       3 |   0.0 |   217
           D:4 |       0 |     306 |   0.0 |       0 |       8 |   0.0 |   627
           D:5 |       0 |       2 |   0.0 |       0 |       1 |   0.0 |   410
           D:6 |       0 |     206 |   0.0 |       0 |       5 |   0.0 |   406
           D:7 |       0 |       1 |   0.0 |       0 |       1 |   0.0 |   106
               +---------+---------+-------+---------+---------+-------+---------
